 Dungeon Crawl Stone Soup version 0.31-a0-655-gf2d5465dac (webtiles) character file.

Game seed: 17207994430844189792

665 MacCMillion the Chopper (level 7, -2/57 HPs)
             Began as a Ghoul Fighter on Aug 30, 2023.
             Slain by a water moccasin (5 damage)
             ... on level 5 of the Dungeon.
             The game lasted 00:07:25 (4444 turns).

MacCMillion the Chopper (Ghoul Fighter)             Turns: 4444, Time: 00:07:26

Health: -2/57      AC:  8    Str: 22    XL:     7   Next: 57%
Magic:  6/6        EV:  9    Int:  3    God:
Gold:   185        SH:  4    Dex:  8    Spells: 6/6 levels left

rFire   . . .        a - +0 war axe
rCold   + . .        c - +0 buckler
rNeg    + + +        b - +0 scale mail
rPois   ∞            (no helmet)
rElec   .            l - scarf {repulsion}
rCorr   .            j - +0 pair of gloves
SInv    .            f - +0 pair of boots
Will    .....        (no amulet) Stlth
                     (no ring)
HPRegen 0.00/turn    (no ring)
MPRegen 0.10/turn

%: repel missiles
@: mighty, inhibited regen
A: claws 1, cold resistance 1, negative energy resistance 3, inhibited
regeneration, torment resistance 2, devour on kill
a: no special abilities


You were on level 5 of the Dungeon.
You visited 1 branch of the dungeon, and saw 5 of its levels.

You collected 185 gold pieces.

Inventory:

Hand Weapons
 a - a +0 war axe (weapon)
Missiles
 u - 3 atropa-tipped darts
 v - 5 poisoned darts
Armour
 b - a +0 scale mail (worn)
 c - a +0 buckler (worn)
 f - a +0 pair of boots (worn)
 j - a +0 pair of gloves (worn)
 l - a scarf of repulsion (worn)
Wands
 t - a wand of quicksilver (8)
Scrolls
 g - 3 scrolls of identify {unknown}
 h - 2 scrolls of revelation {unknown}
 m - 4 scrolls of summoning {unknown}
 n - a scroll of fog {unknown}
 q - a scroll of teleportation {unknown}
 r - a scroll of fear {unknown}
Potions
 e - a potion of curing {unknown}
 i - 4 potions of brilliance {unknown}
 k - 3 potions of heal wounds {unknown}
 o - a potion of degeneration {unknown}
 p - 2 potions of magic {unknown}
 s - a potion of haste {unknown}


   Skills:
 - Level 3.2 Fighting
 + Level 6.9 Axes
 - Level 2.6 Armour
 - Level 4.0 Shields


You had 6 spell levels left.
You didn't know any spells.
Your spell library was empty.

Dungeon Overview and Level Annotations

Branches:
Dungeon (5/15)
 Temple: D:4-7

Altars:

Shops:
D:1 *   D:3 (

Annotations:
D:3 1 runed translucent door, Crazy Yiuf


Innate Abilities, Weirdness & Mutations

You are immune to poison.
You have sharp fingernails.
Your flesh is cold resistant. (rC+)
You are immune to negative energy. (rN+++)
You do not regenerate when monsters are visible.
You are immune to unholy pain and torment.
You thrive by killing the living.


Message History

The water moccasin bites you but does no damage.
You slash the water moccasin!
The water moccasin is almost dead.
The water moccasin bites you but does no damage.
You miss the water moccasin.
The water moccasin is almost dead.
The water moccasin closely misses you. You block the water moccasin's attack.
You closely miss the water moccasin.
The water moccasin is almost dead.
You block the water moccasin's attack.
The water moccasin bites you but does no damage.
You closely miss the water moccasin.
The water moccasin is severely wounded.
The water moccasin barely misses you.
You miss the water moccasin.
The water moccasin is severely wounded.
The water moccasin bites you.
* * * LOW HITPOINT WARNING * * *
The water moccasin misses you.
You completely miss the water moccasin.
The water moccasin is severely wounded.
The water moccasin bites you.
* * * LOW HITPOINT WARNING * * *
You block the water moccasin's attack.
You hit the water moccasin but do no damage.
The water moccasin is severely wounded.
The water moccasin bites you but does no damage.
You closely miss the water moccasin.
The water moccasin is severely wounded.
The water moccasin bites you but does no damage.
The water moccasin bites you.
* * * LOW HITPOINT WARNING * * *
You closely miss the water moccasin.
The water moccasin is severely wounded.
The water moccasin bites you!
* * * LOW HITPOINT WARNING * * *
The water moccasin barely misses you.
You feel very mighty all of a sudden. The water moccasin bites you.
You die...

## #. #. #.# #### ###
#..###...## ##.#
##......##..##..#
####....!.## #.....#
......S@...####....#
......##....##.....##
..... ##...........##
..## ##......###..##
. ##.)..## ##..##
#....# ##..# .......#
##.. ........# ##.
##........ #.


You could see a water moccasin.

Vanquished Creatures
  Grinder (D:3)
  A scorpion (D:4)
  A hound (D:4)
  A jelly (D:4)
  An orc priest (D:2)
  A gnoll bouda (D:4)
  Natasha (thrice) (D:3)
  An orc wizard (D:4)
  5 adders
  5 gnolls
  2 worms (D:2)
  4 dart slugs
  11 orcs
  3 bats
  6 endoplasms
  6 giant cockroaches
  8 goblins
  11 hobgoblins
  8 kobolds
  A quokka (D:2)
  10 ball pythons
  4 frilled lizards (D:2)
  5 rats
99 creatures vanquished.

Vanquished Creatures (others)
  Sigmund (D:4)
1 creature vanquished.

Grand Total: 100 creatures vanquished

Notes
Turn   | Place    | Note
-------+----------+-------------------------------------------
     0 | D:1      | MacCMillion the Ghoul Fighter began the quest for the Orb.
     0 | D:1      | Reached XP level 1. HP: 19/19 MP: 0/0
   151 | D:1      | Reached skill level 2 in Axes
   163 | D:1      | Reached XP level 2. HP: 26/26 MP: 1/1
   418 | D:1      | Reached XP level 3. HP: 31/31 MP: 2/2
   427 | D:1      | Found Liavir's General Store.
  1135 | D:2      | Reached XP level 4. HP: 38/38 MP: 3/3
  1165 | D:2      | Reached skill level 3 in Axes
  1868 | D:3      | Noticed Natasha
  1880 | D:2      | Reached XP level 5. HP: 36/45 MP: 4/4
  1939 | D:3      | Killed Natasha
  1985 | D:3      | Noticed Grinder
  1990 | D:3      | Paralysed by Grinder for 3 turns
  2009 | D:3      | Paralysed by Grinder for 5 turns
  2014 | D:3      | Killed Grinder
  2015 | D:3      | Reached skill level 5 in Axes
  2015 | D:3      | Reached XP level 6. HP: 38/51 MP: 5/5
  2080 | D:3      | Found Werrimus's Antique Weapon Shop.
  2097 | D:3      | You fall into a shaft and drop 1 floor!
  2224 | D:3      | Noticed Natasha
  2256 | D:3      | Killed Natasha
  2276 | D:3      | Noticed Natasha
  2288 | D:3      | Killed Natasha
  2541 | D:3      | Found a runed translucent door.
  2542 | D:3      | Noticed Crazy Yiuf
  2842 | D:4      | Reached skill level 6 in Axes
  2842 | D:4      | Reached XP level 7. HP: 36/57 MP: 6/6
  3031 | D:4      | Noticed Sigmund
  3070 | D:4      | Killed Sigmund
  3984 | D:5      | Entered Level 5 of the Dungeon
  4444 | D:5      | Slain by a water moccasin

Illustrated notes

Levels and vault maps discovered:
D:1:      lemuel_arrival_broad_hall, layout_loops_cross, serial_shops,
          nicolae_shop_competitors_out_of_business
D:2:      layout_basic
D:3:      layout_rooms, serial_shops,
          nicolae_shop_temple_entry_statues_fountains, uniq_grinder,
          uniq_crazy_yiuf_cottage, uniq_natasha
D:4:      layout_basic, mainiacjoe_overflow_brackets,
          minmay_misc_feat_more_columns, uniq_sigmund
D:5:      layout_layer_cave, nicolae_hepliaklqana_hazy_memory,
          nicolae_overflow_hidden_temple, minmay_fractal_squares_gapless_5,
          uniq_eustachio

Skill      XL: |  1  2  3  4  5  6 |
---------------+-------------------+-----
Axes           | 2 3 5 6 |  6.9
Shields        | 3 4 |  4.0
Fighting       | |  3.2
Armour         | |  2.6

Action                     |  1- 3 |  4- 6 |  7- 9 || total
---------------------------+-------+-------+-------++-------
  Melee: War axe           |   104 |   124 |   123 ||   351
    Use: Potion            |       |       |     1 ||     1
 Armour: Scale mail        |    35 |    43 |    52 ||   130
  Dodge: Dodged            |    41 |    61 |    51 ||   153
         Repelled          |       |       |     3 ||     3
  Block: Buckler           |    24 |    22 |    23 ||    69

Table legend: (Time is in decaauts)
 A = Elapsed time spent in this place.
 B = Non-inter-level travel time spent in this place.
 C = Inter-level travel time spent in this place.
 D = Time resting spent in this place.
 E = Time spent auto-exploring this place.
 F = Levels seen in this place.
 G = Mean time per level.
                   A        B        C        D        E       F      G
               +--------+--------+--------+--------+--------+-----+--------+
         Total |   4575 |   4301 |    274 |   1023 |   2224 |   5 |  915.0 |
       Dungeon |   4575 |   4301 |    274 |   1023 |   2224 |   5 |  915.0 |
               +--------+--------+--------+--------+--------+-----+--------+

Top non-repeatable levels by time:
     D:4: 1446 daAuts
     D:2: 1089 daAuts
     D:1: 984 daAuts
     D:3: 904 daAuts
     D:5: 151 daAuts
